AoeStats
← AnnDziGro

Nomad

509594396Analyzed
2v2 RM · 5d ago on Sep 27, 2026· 66m 15s· 4 players
Game mode
Random Map
Map size
176×176
Population
200
Speed
Normal
Resources
Standard
Victory
Conquest
Starting age
Dark Age
Ending age
Imperial Age
RankedLock teamsTeams togetherTeam positionsShared explorationLock speedFull tech treeHidden civsTurbo modeCheats
Victory
Defeat
🇫🇷 Berbers · France
878
+19
🇺🇸 Huns · United States
831
+21
🇵🇱 Slavs · Poland
951
-20
🇵🇱 Italians · Poland
948
-20
SpeakerCorner76
10:45 Loom
13:45 Feudal Age
15:20 Double-Bit Axe
16:53 Scale Barding Armor
21:00 Castle Age
20:59 Bloodlines
21:50 Wheelbarrow
22:12 Husbandry
22:45 Fishing Lines
28:42 Chain Barding Armor
28:32 Forging
28:15 Fletching
32:52 Horse Collar
35:37 Hand Cart
35:50 Light Cavalry
39:05 Thumb Ring
43:02 Imperial Age
43:40 Elite Genitour
45:05 Plate Barding Armor
44:26 Bodkin Arrow
44:32 Padded Archer Armor
50:42 Cavalier
54:37 Iron Casting
54:03 Bracer
54:19 Leather Archer Armor
55:39 Bow Saw
55:25 Gold Mining
59:46 Hussar
62:12 Maghrebi Camels
62:19 Kasbah
64:21 Blast Furnace
63:51 Ring Archer Armor
Rvchyv
5:08 Loom
18:31 Feudal Age
19:15 Arson
18:50 Man-at-Arms
20:58 Forging
20:40 Fletching
28:24 Scale Mail Armor
30:39 Double-Bit Axe
35:57 Castle Age
36:39 Bodkin Arrow
53:27 Squires
54:22 Long Swordsman
55:29 Chain Mail Armor
55:50 Iron Casting
60:41 Wheelbarrow
64:06 Thumb Ring
64:14 Padded Archer Armor
65:59 Leather Archer Armor
66:06 Hand Cart
MarDziGro
12:25 Loom
14:22 Feudal Age
17:16 Forging
16:57 Fletching
20:30 Man-at-Arms
24:38 Wheelbarrow
23:49 Town Watch
32:19 Fishing Lines
34:03 Arson
34:21 Scale Mail Armor
36:38 Castle Age
37:37 Pikeman
38:17 Squires
44:49 Padded Archer Armor
52:21 Double-Bit Axe
54:33 Gillnets
58:11 Imperial Age
55:56 Hand Cart
56:53 Murder Holes
57:19 Ballistics
62:01 Chemistry
61:32 Conscription
AnnDziGro
13:47 Feudal Age
17:14 Double-Bit Axe
25:07 Castle Age
27:20 Wheelbarrow
27:51 Forging
27:35 Fletching
27:48 Town Watch
29:39 Pikeman
30:23 Squires
31:43 Hand Cart
31:22 Gold Mining
32:12 Bodkin Arrow
42:34 Horse Collar
59:03 Forging
Connection lost

Rejoining the realm…

Still unreachable

The connection could not be restored.

Session expired

The server has moved on; the page needs a fresh start.